 Dungeon Crawl Stone Soup version 0.24.0-2-g5b39cebb1c (webtiles) character file.

Game seed: 15147379423292877914, levelgen mode: deterministic

295 iamserjio the Skirmisher (level 6, -6/45 HPs)
             Began as an Octopode Monk on Oct 31, 2019.
             Was a Believer of Okawaru.
             Killed from afar by an electric eel (12 damage)
             ... with a bolt of electricity
             ... on level 3 of the Dungeon.
             The game lasted 00:03:55 (3024 turns).

iamserjio the Skirmisher (Octopode Monk)            Turns: 3024, Time: 00:03:56

Health: -6/45      AC:  1    Str: 11    XL:     6   Next: 34%
Magic:  6/6        EV: 13    Int: 13    God:    Okawaru [**....]
Gold:   194        SH:  7    Dex: 15    Spells: 5/5 levels left

rFire    . . .     SeeInvis .   g - -1 short sword (curse)
rCold    . . .     Gourm    .   q - +0 shield
rNeg     . . .     Faith    .   (helmet restricted)
rPois    .         Spirit   .   (no amulet)
rElec    .         Reflect  .   (no ring)
rCorr    .         Harm     .   (no ring)
MR       .....                  (no ring)
Stlth    +++.......             (no ring)
HPRegen  0.15/turn              (no ring)
MPRegen  0.10/turn              (no ring)
                                (no ring)
                                (no ring)

@: no status effects
A: almost no armour, stealthy swim, amphibious, 8 rings, constrict 8, camouflage
1, gelatinous body 1
a: Heroism, Renounce Religion


You were on level 3 of the Dungeon.
You worshipped Okawaru.
Okawaru was pleased with you.
You were hungry.

You visited 1 branch of the dungeon, and saw 3 of its levels.

You collected 194 gold pieces.

Inventory:

Hand Weapons
 a - a +0 short sword
 g - a cursed -1 short sword (weapon)
Missiles
 k - 6 curare-tipped darts (quivered)
 t - 6 boomerangs
 x - 14 poisoned darts
Armour
 q - a +0 shield (worn)
 w - a cursed +0 shield
Jewellery
 i - a +5 ring of dexterity {unknown}
 m - an uncursed ring of protection from fire {unknown}
Wands
 n - a wand of flame (17)
 y - a wand of enslavement (8)
Scrolls
 c - 3 scrolls of remove curse {unknown}
 e - 2 scrolls of blinking {unknown}
 h - a scroll of teleportation {unknown}
 j - 2 scrolls of enchant weapon {unknown}
 l - 2 scrolls of identify {unknown}
 o - 3 scrolls of magic mapping {unknown}
 p - a scroll of amnesia {unknown}
 r - a scroll of fear {unknown}
 v - 3 scrolls of fog {unknown}
Potions
 d - a potion of invisibility {unknown}
 f - 3 potions of haste {unknown}
 s - a potion of mutation {unknown}
 u - a potion of curing {unknown}
Comestibles
 b - 5 rations


   Skills:
 * Level 5.4 Fighting
 - Level 3.0 Short Blades
 - Level 5.0 Dodging
 - Level 2.6 Stealth
 + Level 1.0 Shields


You had 5 spell levels left.
You didn't know any spells.
Your spell library was empty.

Dungeon Overview and Level Annotations

Branches:
Dungeon (3/15)

Altars:
Ashenzari
Okawaru
Vehumet

Annotations:
D:3 1 transporter


Innate Abilities, Weirdness & Mutations

You cannot wear most types of armour.
You are very stealthy in the water. (Stealth+)
You are amphibious.
You can wear up to eight rings at the same time.
You can use your tentacles to constrict eight enemies at once.
Your skin changes colour to match your surroundings (Stealth+).
Your rubbery body absorbs attacks. (AC +1, EV +1)


Message History

You kill the electric eel!
Okawaru accepts your kill.
Your Shields skill increases to level 1!
You start waiting.
You are feeling hungry.
Aiming: Throw Flame
Aim: an electric eel The puff of flame hits the electric eel.
The electric eel is engulfed in a cloud of scalding steam.
The electric eel shoots out a bolt of lightning at you!
The bolt of electricity hits you! x2
Aiming: Throw Flame
Aim: an electric eel (steam, heavily wounded)
The puff of flame misses the electric eel.
The electric eel is engulfed in a cloud of scalding steam.
The electric eel shoots out a bolt of lightning at you!
The bolt of electricity hits you!
* * * LOW HITPOINT WARNING * * *
The bolt of electricity hits you!
You die...

#..#.#.############..............
#....#.# ####...♣.♣.♣.♣. #....#.#
####### #......_....
#.####.#######.....###.#.♣.♣.♣.♣.
#................................
############..(.©....#.#.#.♣.♣.#.
#.#######.#...........
#.#8.©.8#.####......##
#.#P.@.P#.# #......# #.###'###.#
#......# #.#≈...;#.# #......##
#.#≈...;#.####....>.##
#.#≈P≈P§#.##.'......##
#.#≈≈⌠≈≈#.##.#......#.
#.#≈P≈≈≈#.#.........#.
#.#≈≈≈≈≈#.####......#.
#.#≈P≈≈≈#.# #........


You could see 2 electric eels.

Vanquished Creatures
  Sigmund (D:2)
  An electric eel (D:3)
  A hound (D:3)
  2 adders (D:2)
  3 worms
  4 dart slugs
  2 leopard geckos
  5 bats
  7 goblins
  8 hobgoblins
  4 jackals (D:3)
  A quokka (D:2)
  A ball python (D:1)
  6 frilled lizards
  4 kobolds
  2 rats
52 creatures vanquished.

Notes
Turn   | Place    | Note
-------+----------+-------------------------------------------
     0 | D:1      | iamserjio the Octopode Monk began the quest for the Orb.
     0 | D:1      | Reached XP level 1. HP: 16/16 MP: 1/1
   300 | D:1      | Reached XP level 2. HP: 21/21 MP: 2/2
   668 | D:1      | Reached XP level 3. HP: 18/26 MP: 3/3
  1743 | D:2      | Noticed Sigmund
  1746 | D:2      | Killed Sigmund
  1746 | D:2      | Reached XP level 4. HP: 34/34 MP: 4/4
  1746 | D:2      | Reached XP level 5. HP: 38/38 MP: 5/5
  2055 | D:3      | Reached skill level 5 in Fighting
  2085 | D:3      | Reached skill level 5 in Dodging
  2188 | D:3      | Found an iron altar of Okawaru.
  2208 | D:3      | Became a worshipper of Warmaster Okawaru
  2208 | D:3      | Reached * piety under Okawaru
  2208 | D:3      | Reached ** piety under Okawaru
  2217 | D:3      | Found a transporter.
  2232 | D:3      | Found a radiant altar of Vehumet.
  2274 | D:3      | Reached XP level 6. HP: 45/45 MP: 6/6
  2329 | D:3      | Found a transporter.
  2472 | D:3      | Found a shattered altar of Ashenzari.
  2947 | D:3      | Reached skill level 1 in Shields
  3024 | D:3      | Killed from afar by an electric eel

Levels and vault maps discovered:
D:1:      lightli_arrival_isolated_outpost, layout_basic, minmay_pentomino_t2
D:2:      layout_loops_ring, uniq_sigmund
D:3:      gammafunk_steamed_eel, layout_basic, okawaru_trees_1,
          lemuel_crystal_altar, lemuel_doored_altar, first_ration

Skill      XL: |  1  2  3  4  5  6 |
---------------+-------------------+-----
Fighting       | 4 5 |  5.4
Dodging        | 4 5 |  5.0
Shields        | 1 |  1.0
Short Blades   | |  3.0
Stealth        | |  2.6

Action                   |  1- 3 |  4- 6 || total
-------------------------+-------+-------++-------
Melee: Short sword       |    79 |    36 ||   115
       Constrict         |    19 |     9 ||    28
       Tentacles         |    12 |     8 ||    20
Throw: Dart              |     2 |       ||     2
Evoke: Wand              |       |     4 ||     4
 Stab: Sleeping          |     3 |     8 ||    11
  Eat: Chunk             |     3 |     3 ||     6
Armor: Skin              |     6 |     1 ||     7
Dodge: Dodged            |    74 |    12 ||    86
Block: Shield            |       |     3 ||     3
